 Dungeon Crawl Stone Soup version 0.28-a0-863-g8cecda6153 (webtiles) character file.

Game seed: 8913697219067155810

347 meatgazer the Distorting Demonspawn (level 6, -1/49 HPs)
             Began as a Demonspawn Abyssal Knight on Nov 17, 2021.
             Was a Believer of Lugonu.
             Slain by a gnoll (5 damage)
             ... on level 4 of the Dungeon.
             The game lasted 00:04:52 (3549 turns).

meatgazer the Distorting Demonspawn (DsAK)          Turns: 3549, Time: 00:04:53

Health: -1/49      AC:  6    Str: 15    XL:     6   Next: 32%
Magic:  9/9        EV: 11    Int: 13    God:    Lugonu [**....]
Gold:   161        SH:  0    Dex: 14    Spells: 5/5 levels left

rFire   . . .      SeeInvis .   d - +6 great sword of Destiny {vorpal, rElec}
rCold   . . .      Faith    .   (shield currently unavailable)
rNeg    . . .      Spirit   .   b - +1 leather armour
rPois   .          Reflect  .   c - +2 hat
rElec   +          Harm     .   (no cloak)
rCorr   .          Rampage  .   (no gloves)
Will    .....                   (no boots)
Stlth   +.........              (no amulet)
HPRegen 0.16/turn               (no ring)
MPRegen 0.11/turn               (no ring)

@: no status effects
A: demonic magic 1, clever 1
a: Renounce Religion, Depart the Abyss, Bend Space


You were on level 4 of the Dungeon.
You worshipped Lugonu.
Lugonu was pleased with you.
You visited 1 branch of the dungeon, and saw 4 of its levels.
You visited the Abyss 1 time.

You collected 161 gold pieces.

Inventory:

Hand Weapons
 a - a +1 spear
 d - the +6 great sword of Destiny (weapon) {vorpal, rElec}
   (You found it on level 4 of the Abyss)

   It inflicts extra damage upon your enemies.
   rElec:     It insulates you from electricity.
Armour
 b - a +1 leather armour (worn)
 c - a +2 hat (worn)
Jewellery
 n - a ring of magical power
Wands
 h - a wand of flame (22)
Scrolls
 l - a scroll of teleportation
Potions
 e - 3 potions of cancellation {unknown}
 f - 3 potions of curing
 g - a potion of mutation
 i - a potion of might {unknown}
 j - a potion of flight {unknown}
 k - 2 potions of heal wounds {unknown}
 o - a potion of attraction {unknown}
 p - a potion of berserk rage {unknown}


   Skills:
 + Level 4.4 Fighting
 * Level 4.0 Long Blades
 - Level 1.7 Polearms
 - Level 1.7 Armour
 - Level 0.8 Dodging
 + Level 4.8 Invocations


You had 5 spell levels left.
You didn't know any spells.
Your spell library contained the following spells:

 Spells                   Type           Power      Damage    Failure   Level
 Call Canine Familiar     Summ           0%         N/A       75%         3
 Portal Projectile        Hex/Tloc       0%         N/A       75%         3
 Leda's Liquefaction      Hex/Erth       0%         N/A       98%         4


Dungeon Overview and Level Annotations

Branches:
Dungeon (4/15)
 Temple: D:4-7

Altars:
Dithmenos
Makhleb
Qazlal
Yredelemnul

Shops:
D:3 (


Innate Abilities, Weirdness & Mutations

Spells you cast may paralyse adjacent enemies.
Your mind is acute. (Int +2)


Message History

The adder is heavily wounded.
You feel sick. The adder barely misses you.
You slice the adder!!
You kill the adder!
Lugonu accepts your kill.
You feel sick.
A gnoll comes into view. It is wielding a +0 halberd.
Your Long Blades skill increases to level 4!
The gnoll shouts!
You slash the gnoll!
The gnoll is severely wounded.
You feel sick.
You are no longer poisoned.
The gnoll closely misses you. The gnoll hits you with a +0 club.
You hit the gnoll.
The gnoll is almost dead.
The gnoll hits you with a +0 club.
You closely miss the gnoll.
The gnoll is almost dead.
The gnoll hits you from afar with a +0 halberd!
The gnoll closely misses you.
The gnoll hits you but does no damage. x2
You closely miss the gnoll.
The gnoll is almost dead.
The gnoll hits you with a +0 club. The gnoll barely misses you.
You barely miss the gnoll.
The gnoll is almost dead.
The gnoll hits you but does no damage. The gnoll closely misses you.
The gnoll barely misses you.
The gnoll hits you from afar with a +0 halberd!
* * * LOW HITPOINT WARNING * * *
You barely miss the gnoll.
The gnoll is almost dead.
The gnoll hits you but does no damage.
The gnoll hits you from afar with a +0 halberd.
* * * LOW HITPOINT WARNING * * *
You slash the gnoll!
You kill the gnoll!
Lugonu accepts your kill.
The gnoll hits you from afar with a +0 halberd.
You die...

#+ #.. #.# ##
###.#..#.##
#.##g#..#.##
#).##.#..#.##
##..##@#..#.##
#....##)#..#.##
#.##..##.#.?#.##
###....##.#..#.##
####
#...##..##.#..#.##
...#
#.###...###......#
...#
###.†.###.#..#.#+#
...#
####.#...###.#..#.###
...# #...
#.###.#..#.###


You could see a gnoll.

Vanquished Creatures
  A sky beast (D:4)
  Jessica (D:2)
  An iguana (D:4)
  10 gnolls
  3 adders
  2 worms (D:3)
  2 dart slugs (D:1)
  3 orcs (D:3)
  9 bats
  6 endoplasms
  6 goblins
  11 hobgoblins
  2 jackals (D:1)
  A quokka (D:1)
  7 ball pythons
  2 frilled lizards
  8 kobolds
  4 rats
79 creatures vanquished.

Notes
Turn   | Place    | Note
-------+----------+-------------------------------------------
     0 | Abyss:1  | meatgazer the Demonspawn Abyssal Knight began the quest for
                  | the Orb.
     0 | Abyss:1  | Reached XP level 1. HP: 18/18 MP: 2/2
    61 | Abyss:4  | Identified the +6 great sword of Destiny {vorpal, rElec}
    71 | Abyss:4  | Noticed a blink frog
    71 | Abyss:4  | Noticed a blink frog
    71 | Abyss:4  | Noticed a blink frog
    71 | D:1      | Escaped the Abyss
   443 | D:1      | Reached * piety under Lugonu
   444 | D:1      | Reached skill level 1 in Long Blades
   444 | D:1      | Gained mutation: Spells you cast may paralyse adjacent
                  | enemies. [demonic ancestry]
   444 | D:1      | Reached XP level 2. HP: 24/24 MP: 4/4
   709 | D:1      | Reached XP level 3. HP: 29/29 MP: 5/5
  1052 | D:2      | Gained mutation: Your mind is acute. (Int +2) [potion of
                  | mutation]
  1079 | D:2      | Noticed Jessica
  1081 | D:2      | Killed Jessica
  1082 | D:2      | Reached XP level 4. HP: 34/35 MP: 6/6
  1093 | D:2      | Found a faded altar of an unknown god.
  1393 | D:2      | Reached ** piety under Lugonu
  2290 | D:3      | Reached XP level 5. HP: 39/42 MP: 7/7
  3036 | D:3      | Found a basalt altar of Yredelemnul.
  3078 | D:3      | Found Myikloce's Antique Weapon Boutique.
  3176 | D:3      | Found a shadowy altar of Dithmenos.
  3297 | D:3      | Found a stormy altar of Qazlal.
  3380 | D:4      | Found a burning altar of Makhleb.
  3436 | D:4      | Noticed a sky beast
  3442 | D:4      | Killed a sky beast
  3443 | D:4      | Reached XP level 6. HP: 41/48 MP: 9/9
  3506 | D:4      | Identified the +7 spear of Red Wine {drain, +Blink rPois
                  | rF- Stlth+}
  3549 | D:4      | Slain by a gnoll

Illustrated notes

Levels and vault maps discovered:
D:1:      minmay_arrival_wavy_path, layout_basic, minmay_unequal
D:2:      layout_loops_ring, ebering_ecumenical_altar_box,
          chequers_serial_rivers_room_b, uniq_jessica
D:3:      layout_rooms, nicolae_qazlal_eye_of_the_storm,
          mainiacjoe_overflow_catwalk_spiral, serial_shops, shop,
          hangedman_decor_push
D:4:      minmay_razor_zed, layout_basic, mainiacjoe_overflow_small_starburst,
          cheibrodos_sewer_entry_drain

Skill      XL: |  1  2  3  4  5  6 |
---------------+-------------------+-----
Long Blades    | 1 2 3 4 |  4.0
Invocations    | 3 4 |  4.8
Fighting       | 4 |  4.4
Polearms       | |  1.7
Armour         | |  1.7
Dodging        | |  0.8

Action                   |  1- 3 |  4- 6 || total
-------------------------+-------+-------++-------
Melee: Great sword       |    54 |   100 ||   154
Invok: Depart the Abyss  |     1 |       ||     1
Evoke: Wand              |       |     1 ||     1
  Use: Potion            |     1 |     1 ||     2
       Scroll            |       |     5 ||     5
 Stab: Sleeping          |     1 |     1 ||     2
Armor: Leather armour    |    17 |    32 ||    49
Dodge: Dodged            |    32 |    65 ||    97

Table legend: (Time is in decaauts)
 A = Elapsed time spent in this place.
 B = Non-inter-level travel time spent in this place.
 C = Inter-level travel time spent in this place.
 D = Time resting spent in this place.
 E = Time spent auto-exploring this place.
 F = Levels seen in this place.
 G = Mean time per level.
                   A        B        C        D        E       F      G
               +--------+--------+--------+--------+--------+-----+--------+
         Total |   3645 |   3595 |     50 |   1372 |   1711 |   8 |  455.6 |
       Dungeon |   3575 |   3525 |     50 |   1372 |   1677 |   4 |  893.8 |
         Abyss |     70 |     70 |      0 |      0 |     34 |   4 |   17.5 |
               +--------+--------+--------+--------+--------+-----+--------+

Top non-repeatable levels by time:
     D:3: 1329 daAuts
     D:2: 1051 daAuts
     D:1: 1011 daAuts
     D:4: 182 daAuts
 Abyss:1: 28 daAuts
 Abyss:2: 19 daAuts
 Abyss:4: 17 daAuts
 Abyss:3: 4 daAuts
